 Dungeon Sprint DCSS version 0.29.1-2-gbd0b4ee654 (webtiles) character file.

Game seed: 10163712329116698279

212 Groucho the Covert (level 5, -1/24 HPs)
             Began as a Spriggan Enchanter on Nov 20, 2022.
             Was a Priest of Dithmenos.
             Slain by a fire bat (7 damage)
             ... in the Dungeon (Sprint VII: "The Pits").
             The game lasted 00:02:41 (523 turns).

Groucho the Covert (Spriggan Enchanter)              Turns: 523, Time: 00:02:42

Health: -1/24      AC:  2    Str:  6    XL:     5   Next: 58%
Magic:  8/15       EV: 17    Int: 17    God:    Dithmenos [***...]
Gold:   0          SH:  0    Dex: 15    Spells: 13/18 levels left

rFire   . . .      SeeInvis +   a - +2 dagger
rCold   . . .      Faith    .   (no shield)
rNeg    . . .      Spirit   .   b - +0 robe
rPois   .          Reflect  .   (helmet restricted)
rElec   .          Harm     .   (no cloak)
rCorr   .          Rampage  .   (gloves unavailable)
Will    .....      NoTele   +   (boots unavailable)
Stlth   ++++++++..              (no amulet)
HPRegen 0.08/turn               (no ring)
MPRegen 0.14/turn               (no ring)

@: very slightly contaminated, wreathed by umbra, very quick
A: very small, no large weapons, unfitting armour, see invisible, speed 3
a: Renounce Religion, Shadow Step


You were in the Dungeon.
You worshipped Dithmenos.
Dithmenos was most pleased with you.
You visited 1 branch

Inventory:

Hand Weapons
 a - a +2 dagger (weapon)
Missiles
 j - 9 stones (quivered)
Armour
 b - a +0 robe (worn)
Scrolls
 i - a scroll of blinking
 k - 5 scrolls of amnesia
 l - a scroll of summoning
 m - 2 scrolls of vulnerability
Potions
 c - 4 potions of invisibility
 d - 6 potions of curing
 e - 6 potions of heal wounds
 f - a potion of haste
 g - 3 potions of magic
 h - 3 potions of berserk rage


   Skills:
 - Level 1.1 Short Blades
 - Level 2.6 Dodging
 * Level 13.3 Stealth
 + Level 7.4 Spellcasting
 + Level 7.9 Hexes


You had 13 spell levels left.
You knew the following spells:

 Your Spells              Type           Power      Damage    Failure   Level
a - Ensorcelled Hibernat  Hex/Ice        38%        N/A       3%          2
b - Confusing Touch       Hex            33%        N/A       1%          3

Your spell library contained the following spells:

 Spells                   Type           Power      Damage    Failure   Level
 Tukima's Dance           Hex            33%        N/A       1%          3
 Dazzling Flash           Conj/Hex       38%        N/A       7%          3


Dungeon Overview and Level Annotations

Branches:
Dungeon (1/1)

Altars:
Ashenzari
Cheibriados
Dithmenos
Elyvilon
Fedhas
Gozag
Hepliaklqana
Kikubaaqudgha
Makhleb
Nemelex Xobeh
Okawaru
Qazlal
Ru
Sif Muna
Trog
Uskayaw
Vehumet
Wu Jian
Xom
Yredelemnul
Zin
The Shining One
Jiyva
Lugonu


Innate Abilities, Weirdness & Mutations

You are very small and have problems with some larger weapons.
You are too small for most types of armour.
You have supernaturally acute eyesight. (SInv)
You cover ground extremely quickly. (Speed+++)


Message History

Dithmenos accepts your kill.
Your Stealth skill gained 2 levels and is now at level 13!
Your Spellcasting skill increases to level 7!
No target in view!
No target in view!
There is an open door to the Storerooms (Easy) here.
Items here: ))) ††.
Things that are here:
a +0 club; a +0 robe; a gnoll corpse
There is an open door here.
A crimson imp comes into view.
There is an open door here.
A fire bat comes into view.
The centaur shouts!
The gnoll shouts!
You hear a shout!
The centaur wields a +0 shortbow.
The centaur shoots an arrow.
The arrow hits you!
Ouch! That really hurt!
You emit a cloud of dark smoke.
You hear a shout!
There is an open door here.
The fire bat closely misses you.
Casting: Confusing Touch (safe; 1% risk of failure)
Confirm with . or Enter, or press ? or * to list all spells.
Aiming: Ensorcelled Hibernation (safe; 3% risk of failure)
Press: ? - help, Shift-Dir - straight line, f - fire bat
Aim: a fire bat (black smoke, umbra, chance to affect: 61%)
You miscast Ensorcelled Hibernation.
You are very lightly contaminated with residual magic.
Nothing appears to happen.
The fire bat misses you. The fire bat completely misses you.
Casting: Ensorcelled Hibernation (safe; 3% risk of failure)
Confirm with . or Enter, or press ? or * to list all spells.
Aiming: Ensorcelled Hibernation (safe; 3% risk of failure)
Press: ? - help, Shift-Dir - straight line, f/p - fire bat
Aim: a fire bat (black smoke, umbra, chance to affect: 61%)
The fire bat resists with significant effort.
The fire bat bites you.
* * * LOW HITPOINT WARNING * * *
You are engulfed in flames!
You die...

#.))........'.....
#'#####'#####.....
#.#..#....)##.....
#.#))#####'#####'#
#.#))#...÷.##.....
#.#))#.....##.....
#.#[[###'####.....
#.##'#....†##...<.
#@#........##.....
#b#..†.....##.....
#c###########.....
#§§#§#.## ######
#§§§§.b.#
##§#§#.## .§....
##.#.#.# ..g....#


You could see a fire bat and a centaur.

Vanquished Creatures
  A phantom (D)
  A scorpion (D)
  A gnoll bouda (D)
  4 gnolls (D)
  A river rat (D)
  An endoplasm (D)
  A giant cockroach (D)
  A hobgoblin (D)
  3 frilled lizards (D)
14 creatures vanquished.

Notes
Turn   | Place    | Note
-------+----------+-------------------------------------------
     0 | D        | Groucho the Spriggan Enchanter began the quest for the Orb.
     0 | D        | Reached XP level 1. HP: 9/9 MP: 5/5
    12 | D        | Reached skill level 5 in Stealth
    39 | D        | Found a bloodstained altar of Trog.
    39 | D        | Found a shimmering blue altar of Sif Muna.
    39 | D        | Found a viscous altar of Jiyva.
    39 | D        | Found a hazy altar of Hepliaklqana.
    39 | D        | Found an opulent altar of Gozag.
    40 | D        | Found a glowing golden altar of the Shining One.
    40 | D        | Found a glowing silver altar of Zin.
    40 | D        | Found a basalt altar of Yredelemnul.
    40 | D        | Found a shimmering altar of Xom.
    40 | D        | Found an ornate altar of the Wu Jian Council.
    40 | D        | Found a sacrificial altar of Ru.
    40 | D        | Found a stormy altar of Qazlal.
    40 | D        | Found an iron altar of Okawaru.
    40 | D        | Found a sparkling altar of Nemelex Xobeh.
    40 | D        | Found a burning altar of Makhleb.
    40 | D        | Found a blossoming altar of Fedhas.
    40 | D        | Found a white marble altar of Elyvilon.
    40 | D        | Found a shadowy altar of Dithmenos.
    40 | D        | Found a snail-covered altar of Cheibriados.
    42 | D        | Found a radiant altar of Vehumet.
    42 | D        | Found a corrupted altar of Lugonu.
    43 | D        | Found a hide-covered altar of Uskayaw.
    43 | D        | Found an ancient bone altar of Kikubaaqudgha.
    43 | D        | Found a broken altar of Ashenzari.
    50 | D        | Became a worshipper of Dithmenos the Shadowed
    72 | D        | Reached skill level 6 in Stealth
    72 | D        | Reached XP level 2. HP: 13/13 MP: 5/7
    77 | D        | Reached * piety under Dithmenos
   264 | D        | Learned a level 2 spell: Ensorcelled Hibernation
   267 | D        | Noticed a scorpion
   269 | D        | Killed a scorpion
   270 | D        | Reached skill level 9 in Stealth
   270 | D        | Reached skill level 5 in Spellcasting
   270 | D        | Reached XP level 3. HP: 16/16 MP: 7/10
   270 | D        | Reached XP level 4. HP: 21/21 MP: 8/12
   271 | D        | Reached ** piety under Dithmenos
   276 | D        | Reached skill level 10 in Stealth
   322 | D        | Noticed a centaur
   388 | D        | Reached skill level 11 in Stealth
   397 | D        | Reached *** piety under Dithmenos
   410 | D        | Reached XP level 5. HP: 19/24 MP: 3/15
   435 | D        | Noticed a phantom
   462 | D        | Learned a level 3 spell: Confusing Touch
   485 | D        | Killed a phantom
   486 | D        | Reached skill level 13 in Stealth
   516 | D        | Noticed a fire bat
   523 | D        | Slain by a fire bat

Illustrated notes

Levels and vault maps discovered:
D:        pitsprint [storerooms_1, entrance_room_1, metal_vault_1, armoury_3,
          mini_pit_1, grid_room_1, main_hall_1, silver_pit, the_coven_2,
          the_vestibule_1, steel_vault_1, golden_pit, hallway_of_sentries,
          crystal_vault_3, iron_vault_1, final_vault]

Skill      XL: |  1  2  3  4  5 |
---------------+----------------+-----
Stealth        | 6 9 11 13 | 13.3
Spellcasting   | 3 5 6 7 |  7.4
Hexes          | 4 6 7 |  7.9
Short Blades   | |  1.1
Dodging        | |  2.6

Action                   |  1- 3 |  4- 6 || total
-------------------------+-------+-------++-------
Melee: Dagger            |     9 |    13 ||    22
Throw: Stone             |       |     1 ||     1
 Cast: Ensorcelled Hiber |       |    11 ||    11
       Confusing Touch   |       |     1 ||     1
  Use: Potion            |       |     1 ||     1
 Stab: Sleeping          |     4 |     7 ||    11
       Confused          |       |     2 ||     2
Dodge: Dodged            |     6 |    11 ||    17
